 Dungeon Crawl Stone Soup version 0.23.2-40-g277498a001 (webtiles) character file.

Game seed: 11794130855636660334

12648 Descartes the Blocker (level 12, -2/91 HPs)
             Began as a Formicid Fighter on Aug 31, 2019.
             Was an Elder of Dithmenos.
             Slain by a minotaur
             ... wielding a +0 quick blade
              (19 damage)
             ... in a Gauntlet.
             The game lasted 00:44:42 (12320 turns).

Descartes the Blocker (Formicid Fighter)           Turns: 12320, Time: 00:44:47

Health: -2/91      AC: 23    Str: 30    XL:     12   Next: 22%
Magic:  21/21      EV: 11    Int: 19    God:    Dithmenos [****..]
Gold:   622        SH: 20    Dex: 17    Spells: 22/23 levels left

rFire    . . .     SeeInvis +   Q - +6 war axe of Karma {holy, rC+ Str+3 Int+3 Dex+3}
rCold    + + +     Gourm    .   c - +1 shield
rNeg     + . .     Faith    .   S - +0 plate armour
rPois    .         Spirit   .   (helmet unavailable)
rElec    .         Reflect  +   P - +0 cloak
rCorr    .         Harm     .   (no gloves)
MR       +....                  u - +2 pair of boots
Stlth    ..........             E - +6 amulet of reflection
HPRegen  0.25/turn              a - +4 ring of protection
MPRegen  0.17/turn              K - ring of the Amoeba {rC+ rN+ Int+4 Dex+4 SInv}

@: mighty, wreathed by umbra
A: permanent stasis, dig shafts and tunnels, four strong arms, antennae 3,
talons 1, cold resistance 1, shaggy fur 1
a: Dig, Shaft Self, Shadow Step, Renounce Religion


You were in a Gauntlet.
You worshipped Dithmenos.
Dithmenos was greatly pleased with you.
You were not hungry.

You visited 2 branches of the dungeon, and saw 12 of its levels.
You also visited: Sewer and Gauntlet.

You collected 622 gold pieces.

Inventory:

Hand Weapons
 n - a +1 triple sword
 B - a +0 dire flail
 Q - the +6 war axe of Karma (weapon) {holy, rC+ Str+3 Int+3 Dex+3}
   (You found it on level 8 of the Dungeon)

   It has been blessed by the Shining One to cause great damage to the undead
   and demons.
   It affects your strength (+3).
   It affects your intelligence (+3).
   It affects your dexterity (+3).
   It protects you from cold.
 V - a +0 scimitar of flaming
Missiles
 e - 476 stones (quivered)
 g - 37 poisoned needles
 i - 113 arrows
 p - 8 javelins
 s - 3 throwing nets
 H - 5 tomahawks of returning
 J - 13 tomahawks
Armour
 c - a +1 shield (worn)
 u - a +2 pair of boots (worn)
 P - a +0 cloak (worn)
 S - a +0 plate armour (worn)
 U - a +2 scale mail of cold resistance
Jewellery
 a - a +4 ring of protection (left hand)
 v - an uncursed amulet of regeneration
 E - a +6 amulet of reflection (around neck)
 K - the ring of the Amoeba (right hand) {rC+ rN+ Int+4 Dex+4 SInv}
   (You found it in a Gauntlet)

   [ring of see invisible]

   It affects your intelligence (+4).
   It affects your dexterity (+4).
   It protects you from cold.
   It protects you from negative energy.
   It lets you see invisible.
Wands
 y - a wand of random effects (9)
 z - a wand of flame (36)
 L - a wand of iceblast (19)
 W - a wand of acid (11)
 X - a wand of polymorph (8)
Scrolls
 b - a scroll of vulnerability {unknown}
 j - 3 scrolls of remove curse
 k - 4 scrolls of enchant armour
 o - a scroll of immolation
 r - a scroll of fog {unknown}
 t - a scroll of enchant weapon
 w - a scroll of noise {unknown}
 x - a scroll of magic mapping
 A - 3 scrolls of amnesia
 C - a scroll of fear
 G - 4 scrolls of blinking {unknown}
Potions
 h - 3 potions of curing
 l - 7 potions of flight
 m - 4 potions of brilliance
 q - 3 potions of heal wounds
 D - 2 potions of magic
 F - a potion of degeneration
 I - a potion of cancellation {unknown}
 M - 5 potions of agility
 N - a potion of berserk rage
 O - 3 potions of lignification
 R - 2 potions of invisibility
 T - a potion of haste {unknown}
Comestibles
 f - 17 rations


   Skills:
 + Level 7.3 Fighting
 + Level 6.4 Long Blades
 + Level 3.9(4.4) Axes
 - Level 3.2(4.1) Maces & Flails
 + Level 7.5 Armour
 + Level 5.4 Dodging
 + Level 7.9 Stealth
 - Level 9.0 Shields
 + Level 6.0 Spellcasting
 + Level 6.2 Invocations
 + Level 5.6 Evocations


You had 22 spell levels left.
You knew the following spells:

 Your Spells              Type           Power        Failure   Level  Hunger
a - Flame Tongue          Conj/Fire      #....        67%         1    None

Your spell library contained the following spells:

 Spells                   Type           Power        Failure   Level  Hunger
 Summon Small Mammal      Summ           #...         67%         1    None
 Call Imp                 Summ           #.......     80%         2    None
 Call Canine Familiar     Summ           #.......     95%         3    ##.....
 Summon Guardian Golem    Hex/Summ       #.......     95%         3    ##.....
 Cause Fear               Hex            #.........   100%        4    ####...
 Summon Ice Beast         Ice/Summ       #.......     100%        4    ####...
 Summon Lightning Spire   Summ/Air       #.......     100%        4    ####...
 Bolt of Fire             Conj/Fire      #.........   100%        6    #######
 Dragon Form              Tmut           #.........   100%        7    #######
 Dragon's Call            Summ           #.........   100%        9    #######


Dungeon Overview and Level Annotations

Branches:
Dungeon (11/15)            Temple (1/1) D:7            Lair (0/6) D:8
    Orc: D:9-12

Altars:
Ashenzari
Cheibriados
Dithmenos
Elyvilon
Fedhas
Gozag
Hepliaklqana
Kikubaaqudgha
Makhleb
Nemelex Xobeh
Okawaru
Qazlal
Ru
Sif Muna
Trog
Uskayaw
Vehumet
Wu Jian
Xom
Yredelemnul
Zin
The Shining One
Lugonu

Annotations:
D:6 3 runed translucent doors, icedog's ghost, novice DsFi
D:10 1 runed translucent door, Toxa551's ghost, journeyman HOFi Gauntlet 12 transporters, exclusion: orange crystal statue


Innate Abilities, Weirdness & Mutations

You cannot be hasted, slowed, berserked, paralysed or teleported.
You can dig through walls and to a lower floor.
Your four strong arms can wield two-handed weapons with a shield.
You have a pair of large antennae on your head. (SInv)
You have sharp toenails.
Your flesh is cold resistant. (rC+)
You are covered in fur. (AC +1)


Message History

The minotaur is severely wounded.
The minotaur drinks a potion.
The minotaur is healed!
You barely miss the minotaur.
The minotaur furiously retaliates!
The minotaur headbutts you!
The minotaur is severely wounded.
The minotaur drinks a potion.
The minotaur is healed!
The minotaur hits you with a +0 quick blade!
The minotaur gores you but does no damage.
You slash the minotaur!
The minotaur is severely wounded.
The minotaur hits you with a +0 quick blade!
* * * LOW HITPOINT WARNING * * *
You block the minotaur's attack.
You hit the minotaur.
The minotaur is severely wounded.
The minotaur hits you with a +0 quick blade!
* * * LOW HITPOINT WARNING * * *
You block the minotaur's attack.
The minotaur hits you with a +0 quick blade!!
You die...

##### #8∩8# #[./#
#8.8# ####[H!####
###8.#8@8#.8###
#....#...#....#
#.#..#8(8#..#.#
#.#..##'##..#.#
#.............#
#.#.##.#.##.#.#
#.#....#....#.#
###.#.#######.#.###
#≈...............≈#


You could see a minotaur.

Vanquished Creatures
  Harold (D:8)
  Erica (D:8)
  A two-headed ogre (D:8)
  A sixfirhy (Gauntlet)
  An unseen horror (D:9)
  Pikel (D:6)
  Psyche (D:10)
  A worldbinder (Gauntlet)
  A gargoyle (D:11)
  A wolf spider simulacrum (Gauntlet)
  A hornet (D:8)
  A centaur simulacrum (Gauntlet)
  A wraith (D:10)
  A wyvern (D:10)
  3 hogs (D:7)
  7 yaks
  A steam dragon (D:10)
  A human (D:7)
  Grum (D:10)
  A harpy simulacrum (Gauntlet)
  A water moccasin (D:10)
  4 slaves
  2 sky beasts
  The ghost of PeSeC the Skirmisher, an amateur MiFi (D:3)
  5 ice beasts
  2 phantoms
  Purgy (Sewer)
  6 orc warriors
  2 ogres
  2 wolves (D:10)
  A boggart (Gauntlet)
  4 centaurs
  A bullfrog (D:7)
  Blork the orc (D:4)
  A wyvern zombie (D:7)
  3 scorpions
  10 killer bees
  5 wights (D:10)
  A howler monkey (D:4)
  A crimson imp (D:4)
  3 centaur zombies
  A quasit (D:11)
  2 bullfrog zombies
  4 hounds
  9 orc wizards
  6 orc priests
  A bullfrog skeleton (D:6)
  3 gnoll shamans
  Crazy Yiuf (D:7)
  A centaur skeleton (D:7)
  Ijyb (D:3)
  3 iguanas
  8 worker ants
  A hound zombie (D:7)
  A hound skeleton (D:10)
  18 gnolls
  A howler monkey skeleton (D:7)
  6 adders
  3 shadow imps
  3 ufetubi (Gauntlet)
  An ooze (D:3)
  An adder skeleton (D:4)
  3 worms
  4 dart slugs
  7 leopard geckos
  42 orcs
  5 giant cockroaches
  5 goblins
  4 hobgoblins
  13 jackals
  6 quokkas
  7 bats
  3 frilled lizards
  A jackal zombie (D:6)
  16 kobolds
  A leopard gecko skeleton (D:5)
  A leopard gecko zombie (D:7)
  A quokka skeleton (D:6)
  A quokka zombie (D:6)
  11 rats
  3 demonic plants
294 creatures vanquished.

Notes
Turn   | Place    | Note
-------+----------+-------------------------------------------
     0 | D:1      | Descartes the Formicid Fighter began the quest for the Orb.
     0 | D:1      | Reached XP level 1. HP: 18/18 MP: 1/1
   225 | D:1      | Reached XP level 2. HP: 14/24 MP: 2/2
   550 | D:1      | Reached skill level 4 in Shields
   882 | D:1      | Reached XP level 3. HP: 27/29 MP: 3/3
  1115 | D:2      | Found an ornate altar of the Wu Jian Council.
  1231 | D:2      | Found a deep blue altar of Sif Muna.
  1291 | D:2      | Reached skill level 1 in Stealth
  1502 | D:2      | Reached XP level 4. HP: 33/35 MP: 5/5
  1917 | D:2      | Reached skill level 1 in Spellcasting
  2092 | D:2      | Found a bloodstained altar of Trog.
  2303 | D:3      | Reached skill level 1 in Dodging
  2303 | D:3      | Reached XP level 5. HP: 39/41 MP: 6/6
  2324 | D:3      | Noticed Ijyb
  2364 | D:3      | Killed Ijyb
  2511 | D:3      | Found a transporter.
  2511 | D:3      | Noticed PeSeC's ghost (amateur MiFi)
  2573 | D:3      | Found a transporter.
  2835 | D:3      | Found a shattered altar of Ashenzari.
  2851 | D:3      | Reached skill level 5 in Shields
  2851 | D:3      | Reached XP level 6. HP: 44/48 MP: 6/8
  2947 | D:3      | Killed PeSeC's ghost
  3080 | D:4      | Noticed Blork the orc
  3087 | D:4      | Killed Blork the orc
  3087 | D:4      | Reached XP level 7. HP: 53/54 MP: 8/10
  3181 | D:4      | Found a glowing drain.
  3197 | Sewer    | Entered a sewer
  3296 | Sewer    | Noticed Purgy
  3302 | Sewer    | Killed Purgy
  3441 | D:4      | Reached skill level 6 in Shields
  3810 | D:4      | Reached XP level 8. HP: 61/61 MP: 11/11
  3847 | D:4      | Found a burning altar of Makhleb.
  4005 | D:4      | Found a hide-covered altar of Uskayaw.
  4006 | D:4      | Found a shadowy altar of Dithmenos.
  4011 | D:4      | Became a worshipper of Dithmenos the Shadowed
  4016 | D:4      | Found a blossoming altar of Fedhas.
  4550 | D:5      | Entered Level 5 of the Dungeon
  5373 | D:6      | Reached skill level 7 in Shields
  5373 | D:6      | Reached skill level 1 in Invocations
  5373 | D:6      | Reached skill level 1 in Evocations
  5506 | D:6      | Reached skill level 1 in Maces & Flails
  5506 | D:6      | Reached skill level 5 in Armour
  5506 | D:6      | Reached XP level 9. HP: 56/67 MP: 12/14
  5677 | D:6      | Noticed icedog's ghost (novice DsFi)
  5761 | D:6      | Found a runed translucent gate.
  5762 | D:6      | Found a runed translucent gate.
  5763 | D:6      | Found a runed translucent gate.
  5799 | D:6      | Reached skill level 5 in Fighting
  5965 | D:6      | Found a hazy altar of Hepliaklqana.
  6083 | D:6      | Found an opulent altar of Gozag.
  6664 | D:6      | Reached * piety under Dithmenos
  6707 | D:7      | Noticed Pikel
  6990 | D:7      | Gained mutation: Armour fits poorly on your strangely
                  | shaped body. [potion of mutation]
  6990 | D:7      | Gained mutation: You have sharp toenails. [potion of
                  | mutation]
  6991 | D:7      | Lost mutation: Armour fits poorly on your strangely shaped
                  | body. [potion of mutation]
  6991 | D:7      | Lost mutation: You have sharp toenails. [potion of
                  | mutation]
  6991 | D:7      | Gained mutation: You are partially covered in yellow
                  | scales. (AC +2) [potion of mutation]
  6991 | D:7      | Gained mutation: Your body sometimes deteriorates upon
                  | taking damage. [potion of mutation]
  6991 | D:7      | Gained mutation: You expend magic power (3 MP) to
                  | strengthen your wands. [potion of mutation]
  6992 | D:7      | Lost mutation: You expend magic power (3 MP) to strengthen
                  | your wands. [potion of mutation]
  6992 | D:7      | Lost mutation: Your body sometimes deteriorates upon taking
                  | damage. [potion of mutation]
  6992 | D:7      | Lost mutation: You are partially covered in yellow scales.
                  | (AC +2) [potion of mutation]
  6992 | D:7      | Gained mutation: You are resistant to hostile enchantments.
                  | (MR+) [potion of mutation]
  7093 | D:7      | Reached skill level 5 in Stealth
  7225 | D:7      | Reached skill level 8 in Shields
  7253 | D:7      | Reached XP level 10. HP: 74/74 MP: 16/16
  7384 | D:7      | Found a staircase to the Ecumenical Temple.
  7461 | D:7      | Reached ** piety under Dithmenos
  7537 | Temple   | Entered the Ecumenical Temple
  7682 | D:7      | Found a runed translucent door.
  7683 | D:7      | Noticed Crazy Yiuf
  7692 | D:7      | Killed Crazy Yiuf
  7809 | D:7      | Reached skill level 5 in Long Blades
  7862 | D:7      | Found a shimmering altar of Xom.
  8367 | D:8      | Got a warped war axe
  8368 | D:8      | Identified the +6 war axe of Karma {holy, rC+ Str+3 Int+3
                  | Dex+3} (You found it on level 8 of the Dungeon)
  8397 | D:8      | Noticed Erica
  8416 | D:8      | Killed Erica
  8416 | D:8      | Reached skill level 1 in Axes
  8416 | D:8      | Reached skill level 9 in Shields
  8479 | D:8      | Found a staircase to the Lair.
  8482 | D:8      | Noticed a two-headed ogre
  8497 | D:8      | Killed a two-headed ogre
  8629 | D:8      | Reached XP level 11. HP: 78/81 MP: 18/18
  8676 | D:8      | Learned a level 1 spell: Flame Tongue
  8895 | D:8      | Noticed Harold
  8918 | D:8      | Killed Harold
  8918 | D:8      | Reached skill level 5 in Spellcasting
  9237 | D:9      | Reached *** piety under Dithmenos
  9237 | D:9      | Reached skill level 5 in Invocations
  9370 | D:9      | Found a white marble altar of Elyvilon.
  9455 | D:9      | Noticed an unseen horror
  9461 | D:9      | Killed an unseen horror
  9558 | D:9      | Found a snail-covered altar of Cheibriados.
 10170 | D:6      | Killed Pikel
 10231 | D:10     | Entered Level 10 of the Dungeon
 10346 | D:10     | Noticed Psyche
 10361 | D:10     | Killed Psyche
 10361 | D:10     | Reached skill level 5 in Dodging
 10361 | D:10     | Reached skill level 5 in Evocations
 10654 | D:10     | Found a runed translucent door.
 10686 | D:10     | Noticed Toxa551's ghost (journeyman HOFi)
 10756 | D:10     | Reached **** piety under Dithmenos
 10779 | D:10     | Noticed Grum
 10808 | D:10     | Killed Grum
 11216 | D:11     | Found a gate leading to a gauntlet.
 11234 | D:11     | Reached XP level 12. HP: 86/91 MP: 20/20
 11256 | Gauntlet | Entered a Gauntlet
 11256 | Gauntlet | Found a transporter.
 11271 | Gauntlet | Found a transporter.
 11281 | Gauntlet | Found a transporter.
 11289 | Gauntlet | Found a transporter.
 11303 | Gauntlet | Noticed a sixfirhy
 11303 | Gauntlet | Noticed a sixfirhy
 11304 | Gauntlet | Found a transporter.
 11319 | Gauntlet | Noticed a death scarab
 11323 | Gauntlet | Noticed a sixfirhy
 11323 | Gauntlet | Found a transporter.
 11351 | Gauntlet | Noticed a death scarab
 11359 | Gauntlet | Found a transporter.
 11359 | Gauntlet | Noticed an entropy weaver
 11371 | Gauntlet | Found a transporter.
 11372 | Gauntlet | Noticed a death yak
 11373 | Gauntlet | Noticed a death yak
 11373 | Gauntlet | Noticed a death yak
 11373 | Gauntlet | Noticed a death yak
 11383 | Gauntlet | Found a transporter.
 11395 | Gauntlet | Found a transporter.
 11412 | Gauntlet | Found a transporter.
 11429 | Gauntlet | Found a transporter.
 11447 | Gauntlet | Found a transporter.
 11448 | Gauntlet | Noticed a sixfirhy
 11477 | Gauntlet | Found a transporter.
 11479 | Gauntlet | Found a transporter.
 11481 | Gauntlet | Found a transporter.
 11508 | Gauntlet | Found a transporter.
 11510 | Gauntlet | Found a transporter.
 11652 | Gauntlet | Lost mutation: You are resistant to hostile enchantments.
                  | (MR+) [potion of mutation]
 11652 | Gauntlet | Gained mutation: You expend magic power (3 MP) to
                  | strengthen your wands. [potion of mutation]
 11652 | Gauntlet | Gained mutation: Your body sometimes deteriorates upon
                  | taking damage. [potion of mutation]
 11652 | Gauntlet | Gained mutation: You are covered in fur. (AC +1) [potion of
                  | mutation]
 11653 | Gauntlet | Lost mutation: You expend magic power (3 MP) to strengthen
                  | your wands. [potion of mutation]
 11653 | Gauntlet | Lost mutation: Your body sometimes deteriorates upon taking
                  | damage. [potion of mutation]
 11653 | Gauntlet | Gained mutation: You have sharp toenails. [potion of
                  | mutation]
 11653 | Gauntlet | Gained mutation: Your flesh is cold resistant. (rC+)
                  | [potion of mutation]
 11790 | Gauntlet | Noticed a deep elf knight
 11891 | Gauntlet | Killed a sixfirhy
 12223 | Gauntlet | Got a translucent ivory ring
 12267 | Gauntlet | Identified the ring of the Amoeba {rC+ rN+ Int+4 Dex+4
                  | SInv} (You found it in a Gauntlet)
 12308 | Gauntlet | Noticed a minotaur
 12320 | Gauntlet | Slain by a minotaur

Skill      XL: |  1  2  3  4  5  6  7  8  9 10 11 12 |
---------------+-------------------------------------+-----
Shields        | 4 5 6 7 8 9 |  9.0
Stealth        | 1 2 3 4 5 6 7 |  7.9
Spellcasting   | 1 2 3 4 5 6 |  6.0
Dodging        | 1 2 3 4 5 |  5.4
Long Blades    | 3 4 5 6 |  6.4
Armour         | 4 5 6 7 |  7.5
Fighting       | 4 5 6 7 |  7.3
Invocations    | 1 3 4 5 6 |  6.2
Evocations     | 1 2 4 5 |  5.6
Maces & Flails | 1 2 3 |  3.2
Axes           | 1 3 |  3.9

Action                   |  1- 3 |  4- 6 |  7- 9 | 10-12 || total
-------------------------+-------+-------+-------+-------++-------
Melee: Long sword        |   106 |   190 |   624 |   247 ||  1167
       War axe           |       |       |       |   363 ||   363
       Triple sword      |       |       |       |    15 ||    15
 Abil: Dig               |     2 |     3 |     4 |    12 ||    21
  Use: Scroll            |       |     2 |     5 |    12 ||    19
       Potion            |       |       |     3 |     3 ||     6
  Eat: Chunk             |     2 |     3 |     8 |    15 ||    28
       Ration            |       |     1 |     2 |     2 ||     5
Armor: Scale mail        |    44 |    74 |   149 |       ||   267
       Chain mail        |       |       |    30 |    25 ||    55
       Plate armour      |       |       |       |   237 ||   237
Dodge: Dodged            |    46 |    79 |   207 |   234 ||   566
Block: Shield            |    65 |   104 |   388 |   483 ||  1040
       Reflection        |       |       |       |     1 ||     1
       Rpst.: Long sword |    18 |    28 |    58 |    13 ||   117
       Triple sword      |       |       |       |     2 ||     2
